 Dungeon Crawl Stone Soup version 0.31.0-11-ge490571c62 (webtiles) character file.

Game seed: 4442332854586806705

4490 Ashen the Covert (level 10, -3/74 HPs)
             Began as a Gnoll Enchanter on Feb 7, 2024.
             Was a Follower of Uskayaw.
             Slain by a culicivora (shapeshifter) (19 damage)
             ... on level 8 of the Dungeon.
             The game lasted 00:22:34 (9170 turns).

Ashen the Covert (Gnoll Enchanter)                  Turns: 9170, Time: 00:22:36

Health: -3/74      AC:  7    Str:  7    XL:     10   Next: 38%
Magic:  11/21      EV: 15    Int: 15    God:    Uskayaw [*.....]
Gold:   362        SH:  0    Dex: 17    Spells: 8/23 levels left

rFire   + . .        G - +5 short sword (venom)
rCold   + + .        (no shield)
rNeg    . . .        c - +1 leather armour {rC+}
rPois   .            q - +0 helmet
rElec   .            o - +0 cloak
rCorr   .            (no gloves)
SInv    .            (no boots)
Will    .....        (no amulet)
Stlth   ++++         r - ring of protection from fire
HPRegen 0.32/turn    s - ring of protection from cold
MPRegen 0.17/turn

%: no passive effects
@: no status effects
A: fangs 1, strong nose, distributed training
a: Renounce Religion, Stomp


You were on level 8 of the Dungeon.
You worshipped Uskayaw.
Uskayaw was noncommittal.
You visited 2 branches of the dungeon, and saw 10 of its levels.

You collected 362 gold pieces.

Inventory:

Hand Weapons
 p - a +0 broad axe
 A - a +1 dagger of speed
 G - a +5 short sword of venom (weapon)
Armour
 c - a +1 leather armour of cold resistance (worn)
 o - a +0 cloak (worn)
 q - a +0 helmet (worn)
Jewellery
 r - a ring of protection from fire (left hand)
 s - a ring of protection from cold (right hand)
 y - an amulet of reflection
 B - a ring of magical power
Wands
 t - a wand of iceblast (28)
 x - a wand of charming (7)
 F - a wand of digging (6)
Scrolls
 a - 2 scrolls of butterflies {unknown}
 d - a scroll of fog {unknown}
 e - 2 scrolls of amnesia {unknown}
 f - 3 scrolls of enchant weapon {unknown}
 g - a scroll of torment {unknown}
 h - 7 scrolls of identify {unknown}
 k - 4 scrolls of immolation {unknown}
 m - 2 scrolls of vulnerability {unknown}
 n - 2 scrolls of revelation {unknown}
 v - 7 scrolls of teleportation {unknown}
 H - a scroll of noise {unknown}
Potions
 b - a potion of enlightenment {unknown}
 i - 3 potions of resistance {unknown}
 j - 3 potions of attraction {unknown}
 l - 3 potions of mutation {unknown}
 u - 4 potions of haste
 w - a potion of berserk rage {unknown}
 z - a potion of brilliance {unknown}
 C - a potion of lignification {unknown}
 D - a potion of heal wounds {unknown}
 E - a potion of curing


   Skills:
 + Level 5.4 Fighting
 + Level 6.1 Short Blades
 + Level 5.4 Long Blades
 + Level 5.4 Axes
 + Level 5.4 Maces & Flails
 + Level 5.4 Polearms
 + Level 5.4 Staves
 + Level 5.4 Ranged Weapons
 + Level 5.4 Throwing
 + Level 5.4 Armour
 + Level 7.2 Dodging
 + Level 8.2 Stealth
 + Level 5.4 Shields
 + Level 5.4 Unarmed Combat
 + Level 7.4 Spellcasting
 + Level 4.4 Conjurations
 + Level 7.1 Hexes
 + Level 4.4 Summonings
 + Level 4.4 Necromancy
 + Level 4.4 Translocations
 + Level 4.4 Fire Magic
 + Level 4.4 Ice Magic
 + Level 4.4 Air Magic
 + Level 4.4 Earth Magic
 + Level 4.4 Alchemy
 + Level 6.0 Invocations
 + Level 5.4 Evocations
 + Level 4.9 Shapeshifting


You had 8 spell levels left.
You knew the following spells:

 Your Spells              Type           Power      Damage    Failure   Level
a - Ensorcelled Hibernat  Hex/Ice        46%        N/A       2%          2
b - Confusing Touch       Hex            27%        N/A       2%          3
c - Tukima's Dance        Hex            27%        N/A       2%          3
d - Dazzling Flash        Conj/Hex       46%        N/A       4%          3
e - Anguish               Hex/Necr       11%        N/A       16%         4

Your spell library contained the following spells:

 Spells                   Type           Power      Damage    Failure   Level
 Sandblast                Erth           38%        2d10      2%          1
 Fugue of the Fallen      Necr           19%        N/A       9%          3
 Passwall                 Erth           19%        N/A       9%          3
 Stone Arrow              Conj/Erth      38%        3d9       9%          3
 Volatile Blastmotes      Fire/Tloc      38%        2d13      9%          3
 Animate Dead             Necr           19%        N/A       28%         4
 Brom's Barrelling Bould  Conj/Erth      19%        2d4       28%         4
 Fulminant Prism          Conj/Alch      9%         3d7       28%         4
 Iskenderun's Mystic Bla  Conj/Tloc      19%        2d6       28%         4
 Haunt                    Necr/Summ      9%         N/A       100%        7
 Infestation              Necr           9%         N/A       100%        8


Dungeon Overview and Level Annotations

Branches:
Dungeon (9/15)             Temple (1/1) D:4
   Lair: D:8-11         Orc: D:9-12

Altars:
Ashenzari
Cheibriados
Dithmenos
Elyvilon
Fedhas
Gozag
Hepliaklqana
Kikubaaqudgha
Makhleb
Nemelex Xobeh
Okawaru
Ru
Sif Muna
Trog
Uskayaw
Vehumet
Wu Jian
Xom
Yredelemnul
Zin
The Shining One

Shops:
D:9 *

Annotations:
D:1 1 exclusion
D:4 2 runed translucent doors, Ayakakio's ghost, amateur MiFi


Innate Abilities, Weirdness & Mutations

You have very sharp teeth.
Your uncanny sense of smell can sniff out nearby items.
Your experience applies equally to all skills.


Message History

Aim: a troll (chance to affect: 55%)
The troll resists with significant effort.
The troll barely misses you. The troll closely misses you.
The troll misses you. The culicivora barely misses you.
Casting: Ensorcelled Hibernation (safe; 2% risk of failure)
Confirm with . or Enter, or press ? or * to list all spells.
Aiming: Ensorcelled Hibernation (safe; 2% risk of failure)
Press: ? - help, Shift-Dir - straight line, f/p - troll
Aim: a troll (chance to affect: 55%)
The troll resists with significant effort.
The culicivora bites you!
The culicivora draws strength from your injuries!
The troll barely misses you. The troll misses you.
The troll claws you but does no damage.
Casting: Ensorcelled Hibernation (safe; 2% risk of failure)
Confirm with . or Enter, or press ? or * to list all spells.
Aiming: Ensorcelled Hibernation (safe; 2% risk of failure)
Press: ? - help, Shift-Dir - straight line, f/p - troll
Aim: a troll (chance to affect: 55%)
The troll resists with significant effort.
The culicivora misses you. The troll closely misses you. x3
The culicivora misses you.
Unknown command.
Casting: Ensorcelled Hibernation (safe; 2% risk of failure)
Confirm with . or Enter, or press ? or * to list all spells.
Aiming: Ensorcelled Hibernation (safe; 2% risk of failure)
Press: ? - help, Shift-Dir - straight line, f/p - troll
Aim: a troll (chance to affect: 55%)
The troll resists with significant effort.
The culicivora bites you.
The culicivora draws strength from your injuries!
The troll closely misses you. The troll claws you. The troll claws you!
Aiming: Charm
Press: ? - help, Shift-Dir - straight line, f - culicivora, p - troll
Aim: a culicivora (chance to affect: 62%)
The culicivora resists with significant effort.
The culicivora barely misses you. The troll bites you! The troll claws you!
* * * LOW HITPOINT WARNING * * *
The troll barely misses you. The culicivora bites you!!
You die...

#.#### #.#
###############
#.#
#>...........Q#
#.#
#............c#
#.# #..####.####..
#.# #..#.......#
##.####..#.......#
.....##..#..:$(..#
#######..#..$=$s@#
#..#..!$)T.#
#.......#
#.......#
####.#### .. . ...
.. ### ##


You could see a culicivora and a troll.

Vanquished Creatures
  Maggie (D:7)
  Sigmund (D:7)
  7 yaks
  Eustachio (D:6)
  2 steam dragons
  Menkaure (D:7)
  3 water moccasins
  Edmund (D:7)
  Duvessa (D:7)
  2 orc warriors
  A sky beast (D:7)
  3 bullfrogs (D:7)
  A scorpion (D:4)
  4 wights
  Dowan (D:7)
  3 howler monkeys (D:8)
  An electric eel (D:8)
  11 orc priests
  4 bombardier beetles
  2 jellies
  A gnoll bouda (D:5)
  An iguana (D:5)
  Crazy Yiuf (D:2)
  Natasha (thrice) (D:3)
  Terence (D:2)
  6 orc wizards
  4 gnolls (D:6)
  6 adders
  A shadow imp (D:8)
  2 dart slugs
  A ribbon worm (D:3)
  29 orcs
  6 endoplasms
  2 giant cockroaches (D:1)
  4 goblins
  4 hobgoblins
  7 ball pythons
  7 bats
  6 frilled lizards
  4 kobolds
  3 rats
150 creatures vanquished.

Vanquished Creatures (collateral kills)
  A wight (D:6)
1 creature vanquished.

Vanquished Creatures (others)
  A black bear (D:6)
1 creature vanquished.

Grand Total: 152 creatures vanquished

Notes
Turn   | Place    | Note
-------+----------+-------------------------------------------
     0 | D:1      | Ashen the Gnoll Enchanter began the quest for the Orb.
     0 | D:1      | Reached XP level 1. HP: 13/13 MP: 6/6
   349 | D:1      | Reached XP level 2. HP: 18/19 MP: 7/7
   778 | D:2      | Learned a level 2 spell: Ensorcelled Hibernation
   847 | D:2      | Reached skill level 6 in Stealth
   847 | D:2      | Reached skill level 5 in Spellcasting
   847 | D:2      | Reached XP level 3. HP: 25/25 MP: 5/9
   851 | D:2      | Learned a level 3 spell: Confusing Touch
   855 | D:2      | Learned a level 3 spell: Tukima's Dance
   859 | D:2      | Learned a level 3 spell: Dazzling Flash
   884 | D:2      | Noticed Terence
   903 | D:2      | Killed Terence
   904 | D:2      | Reached skill level 1 in Fighting
   904 | D:2      | Reached skill level 1 in Long Blades
   904 | D:2      | Reached skill level 1 in Axes
   904 | D:2      | Reached skill level 1 in Maces & Flails
   904 | D:2      | Reached skill level 1 in Polearms
   904 | D:2      | Reached skill level 1 in Staves
   904 | D:2      | Reached skill level 1 in Ranged Weapons
   904 | D:2      | Reached skill level 1 in Throwing
   904 | D:2      | Reached skill level 1 in Armour
   904 | D:2      | Reached skill level 1 in Shields
   904 | D:2      | Reached skill level 1 in Unarmed Combat
   904 | D:2      | Reached skill level 1 in Invocations
   904 | D:2      | Reached skill level 1 in Evocations
  1074 | D:2      | Reached skill level 1 in Shapeshifting
  1074 | D:2      | Reached XP level 4. HP: 32/32 MP: 11/11
  1261 | D:2      | Found a faded altar of an unknown god.
  1442 | D:2      | Found a runed translucent door.
  1443 | D:2      | Noticed Crazy Yiuf
  1450 | D:2      | Killed Crazy Yiuf
  1451 | D:2      | Reached skill level 1 in Conjurations
  1451 | D:2      | Reached skill level 1 in Summonings
  1451 | D:2      | Reached skill level 1 in Necromancy
  1451 | D:2      | Reached skill level 1 in Translocations
  1451 | D:2      | Reached skill level 1 in Fire Magic
  1451 | D:2      | Reached skill level 1 in Ice Magic
  1451 | D:2      | Reached skill level 1 in Air Magic
  1451 | D:2      | Reached skill level 1 in Earth Magic
  1451 | D:2      | Reached skill level 1 in Alchemy
  1592 | D:3      | Noticed Natasha
  1601 | D:3      | Killed Natasha
  1602 | D:3      | Reached XP level 5. HP: 37/37 MP: 7/12
  1703 | D:3      | Noticed Natasha
  1713 | D:3      | Killed Natasha
  2259 | D:3      | Noticed Natasha
  2280 | D:3      | Killed Natasha
  2366 | D:3      | Reached XP level 6. HP: 44/44 MP: 10/13
  2504 | D:3      | Found an ornate altar of the Wu Jian Council.
  2773 | D:4      | Found a runed translucent door.
  2776 | D:4      | Reached skill level 5 in Dodging
  2800 | D:4      | Noticed Ayakakio's ghost (amateur MiFi)
  2852 | D:4      | Found a staircase to the Ecumenical Temple.
  2893 | D:4      | HP: 2/44 [scorpion (2)]
  3574 | D:4      | Found a runed translucent door.
  3620 | Temple   | Entered the Ecumenical Temple
  3639 | Temple   | Became a worshipper of Uskayaw the Reveller
  3715 | D:5      | Entered Level 5 of the Dungeon
  3787 | D:5      | Learned a level 4 spell: Anguish
  3813 | D:5      | Reached * piety under Uskayaw
  3816 | D:5      | Identified the ring "Dugiedua" {rN+ Int+2 Slay-5 Stlth+}
  3843 | D:5      | Reached ** piety under Uskayaw
  3860 | D:5      | Reached XP level 7. HP: 50/50 MP: 12/15
  4341 | D:6      | Reached *** piety under Uskayaw
  5290 | D:6      | Noticed Eustachio
  5296 | D:6      | Killed Eustachio
  5297 | D:6      | Reached XP level 8. HP: 58/58 MP: 16/16
  5757 | D:6      | Reached skill level 7 in Stealth
  6959 | D:7      | Reached XP level 9. HP: 65/65 MP: 18/18
  6967 | D:7      | Noticed Sigmund
  7132 | D:7      | Identified the +0 ring mail "Zanlusse" {rElec Int+4}
  7166 | D:7      | Noticed Maggie
  7184 | D:7      | Killed Maggie
  7185 | D:7      | Reached skill level 5 in Short Blades
  7187 | D:7      | Noticed Menkaure
  7321 | D:7      | Killed Sigmund
  7370 | D:7      | Noticed Duvessa
  7373 | D:7      | Noticed Dowan
  7414 | D:7      | Killed Duvessa
  7419 | D:7      | Killed Dowan
  7419 | D:7      | Reached **** piety under Uskayaw
  7420 | D:7      | Reached skill level 5 in Invocations
  7481 | D:7      | Noticed Edmund
  7498 | D:7      | Killed Edmund
  7540 | D:7      | Killed Menkaure
  8502 | D:8      | Reached skill level 5 in Fighting
  8502 | D:8      | Reached skill level 5 in Long Blades
  8502 | D:8      | Reached skill level 5 in Axes
  8502 | D:8      | Reached skill level 5 in Maces & Flails
  8502 | D:8      | Reached skill level 5 in Polearms
  8502 | D:8      | Reached skill level 5 in Staves
  8502 | D:8      | Reached skill level 5 in Ranged Weapons
  8502 | D:8      | Reached skill level 5 in Throwing
  8502 | D:8      | Reached skill level 5 in Armour
  8502 | D:8      | Reached skill level 5 in Shields
  8502 | D:8      | Reached skill level 5 in Unarmed Combat
  8502 | D:8      | Reached skill level 5 in Evocations
  8502 | D:8      | Reached XP level 10. HP: 74/74 MP: 17/20
  8505 | D:8      | Reached skill level 8 in Stealth
  8528 | D:8      | Reached ***** piety under Uskayaw
  9078 | D:9      | Found Sysy's General Store.
  9160 | D:8      | Noticed a tengu warrior
  9170 | D:8      | Slain by a culicivora (shapeshifter)

Illustrated notes

Levels and vault maps discovered:
D:1:      amcnicky_arrival_underground_garden, layout_loops_ring,
          minmay_surrounded
D:2:      layout_loops_ring, basic_ecumenical_altar, st_stairs_12,
          uniq_crazy_yiuf_cottage, uniq_terence
D:3:      layout_basic, pdpol_wu_jian_five_deadly_venoms, serial_corexii_hall,
          corexii_hall_statues_s, corexii_hall_statues_x,
          corexii_item_surrounded_by_moat, minmay_misc_feat_four_crosses,
          uniq_natasha
D:4:      layout_layer_cave, minmay_temple_entry_gardened_gates,
          ebering_ghost_sewer_f
D:5:      layout_basic
D:6:      layout_gridville, mrwooster_statue_mirror, uniq_eustachio
D:7:      layout_basic, sigmund_edmund_badplayer, uniq_menkaure, uniq_duvessa,
          uniq_maggie
D:8:      cheibrodos_elevator_heist, layout_loops_ring, serial_bayou_pond_b,
          uniq_gastronok
D:9:      layout_loops_ring, serial_shops, shop, minmay_shop_grid_forest,
          kennysheep_another_room
Temple:   nicolae_temple_slightly_damp_pantheon

Skill      XL: |  1  2  3  4  5  6  7  8  9 10 |
---------------+-------------------------------+-----
Stealth        | 6 7 8 |  8.2
Spellcasting   | 5 6 7 |  7.4
Fighting       | 1 2 3 5 |  5.4
Long Blades    | 1 2 3 5 |  5.4
Axes           | 1 2 3 5 |  5.4
Maces & Flails | 1 2 3 5 |  5.4
Polearms       | 1 2 3 5 |  5.4
Staves         | 1 2 3 5 |  5.4
Ranged Weapons | 1 2 3 5 |  5.4
Throwing       | 1 2 3 5 |  5.4
Armour         | 1 2 3 5 |  5.4
Shields        | 1 2 3 5 |  5.4
Unarmed Combat | 1 2 3 5 |  5.4
Invocations    | 1 2 3 4 5 6 |  6.0
Evocations     | 1 2 3 5 |  5.4
Shapeshifting  | 1 2 3 4 |  4.9
Conjurations   | 1 2 3 4 |  4.4
Summonings     | 1 2 3 4 |  4.4
Necromancy     | 1 2 3 4 |  4.4
Translocations | 1 2 3 4 |  4.4
Fire Magic     | 1 2 3 4 |  4.4
Ice Magic      | 1 2 3 4 |  4.4
Air Magic      | 1 2 3 4 |  4.4
Earth Magic    | 1 2 3 4 |  4.4
Alchemy        | 1 2 3 4 |  4.4
Short Blades   | 3 4 5 6 |  6.1
Dodging        | 5 6 7 |  7.2
Hexes          | 6 7 |  7.1

Action                     |  1- 3 |  4- 6 |  7- 9 | 10-12 || total
---------------------------+-------+-------+-------+-------++-------
  Melee: Dagger            |    63 |    97 |   125 |       ||   285
         Bite              |     5 |    10 |    20 |     1 ||    36
         Punch             |       |     2 |     6 |     2 ||    10
         Short sword       |       |       |    79 |    21 ||   100
   Cast: Ensorcelled Hiber |     3 |    31 |    77 |    18 ||   129
         Confusing Touch   |     1 |       |     8 |       ||     9
         Dazzling Flash    |       |     3 |    13 |       ||    16
         Tukima's Dance    |       |       |     5 |       ||     5
  Evoke: Wand              |       |       |     7 |     1 ||     8
    Use: Potion            |       |     3 |     1 |       ||     4
   Stab: Sleeping          |    11 |    31 |    42 |     6 ||    90
         Confused          |     1 |       |     5 |       ||     6
         Invisible         |       |     5 |     6 |       ||    11
         Paralysed         |       |       |     3 |     2 ||     5
         Distracted        |       |       |       |     1 ||     1
 Armour: Robe              |    27 |    54 |    27 |       ||   108
         Leather armour    |       |       |   111 |    20 ||   131
  Dodge: Dodged            |    32 |    84 |   144 |    32 ||   292
